Flyers vs Blue Jackets

Created - January 14, 2023 at 18:30

Goals
1 2 3 T
Flyers 2 0 0 2
Blue Jackets 3 0 2 5
Shots
1 2 3 T
Flyers 7 3 14 24
Blue Jackets 15 18 11 44

GoalsPenalties
1st period
1. Flyers , William Carrier 2 (Alan Quine 1, Jan Rutta 3) at 1:24
2. Blue Jackets , Elias Pettersson 7 (Joel Edmundson 6) at 2:16
3. Blue Jackets , Miles Wood 4 (Quinn Hughes 17, Elias Pettersson 5) at 9:36 (PP)
4. Flyers , Tanner Pearson 5 (Kailer Yamamoto 2, Neal Pionk 8) at 10:35
5. Blue Jackets , Anthony Duclair 9 (Joel Edmundson 7, Elias Pettersson 6) at 18:56
Jan Rutta (PHL) for Tripping (Minor) at 2:36
Brandon Duhaime (PHL) for High sticking (Minor) at 8:19
Anthony Duclair (CLB) for Tripping (Minor) at 12:28
2nd period
No Goal
Nathan Beaulieu (PHL) for Hooking (Minor) at 2:05
Jan Rutta (PHL) for Abuse of Officials (Major / Game Misconduct) at 4:48
Nathan Beaulieu (PHL) for Hooking (Minor) at 9:50
3rd period
6. Blue Jackets , Zach Sanford 5 (Nic Dowd 6, John Klingberg 4) at 11:35
7. Blue Jackets , Nic Dowd 4 (Zach Sanford 5, Ryan Graves 8) at 13:39
Alan Quine (PHL) for Goalie Interference (Minor) at 2:34
Joel Edmundson (CLB) for Delaying the game (Minor) at 14:58
Goalie Stats
Collin Delia (PHL), 39 saves from 44 shots - (0.886), L, 0-3-2, 60:00 minutes
Sergei Bobrovsky (CLB), 22 saves from 24 shots - (0.917), W, 5-2-0, 60:00 minutes
3 StarsOfficial
1 - Zach Sanford (CLB)
2 - Nic Dowd (CLB)
3 - Elias Pettersson (CLB)
Referees : Garrett Rank and Sean MacFarlane
Linesman : Scott Driscoll and Steve Miller
Game Note
Jan Rutta (PHL) for Abuse of Officials (Major / Game Misconduct) at 4:48
Jan Rutta ejected from game at 4:48 of 2nd period
Jan Rutta from Flyers is suspended for 1 game(s)
Finance
Level 1 -- Attendance: 3416 (56.93%) -- Ticket Income $768,600
Level 2 -- Attendance: 2869 (57.38%) -- Ticket Income $473,385
Level 3 -- Attendance: 2399 (59.98%) -- Ticket Income $323,865
Level 4 -- Attendance: 1683 (56.10%) -- Ticket Income $168,300
Luxury Box -- Attendance: 646 (64.60%) -- Ticket Income $193,800
Game was played at the Nationwide Arena.
Total Attendance: 11013 (57.96%)
Total Ticket Income: $1,927,950
Total Income: $1,927,950



Team Name Goals Shots Shots Attemp Shots Blocked PIM HIT PP PK FO%
Flyers 224441425290 / 2 (0%)146%
Blue Jackets 5448644151 / 6 (17%)054%

Flyers
Player Name POS G A P +/- PIM HIT SHT SB MP PP MP PP SHT PK MP PK SHT FO% FOT
Alan QuineC/LW/RW011021107:130:0000:0000% 3
Alexander EdlerD000-1011326:092:1817:0300% 0
Brandon DuhaimeLW/RW000021009:310:0001:500100% 1
Brayden SchennC/LW/RW000-2043023:252:1807:09047% 38
Cam AtkinsonRW000-2005021:282:1805:12050% 4
Connor MurphyD0000022321:431:4006:2500% 0
Eric StaalC0000021016:061:4001:07064% 22
Filip ZadinaLW/RW000002017:450:0000:260100% 1
Jan RuttaD0110170007:310:0001:2300% 0
Justin BaileyLW/RW0000020013:570:0006:3800% 0
Kailer YamamotoLW/RW0110041021:011:4006:02011% 9
Kevin FialaLW/RW000-2002016:162:1800:000100% 1
Nathan BeaulieuD000-1420114:440:0000:3300% 0
Neal PionkD011-1012524:581:4007:1400% 0
Rasmus DahlinD000-1020124:232:1805:4600% 0
Sheldon DriesC/LW000000007:190:0000:00036% 11
Tanner PearsonLW1010055014:591:4000:00033% 3
William CarrierC/LW/RW101000107:140:0000:0000% 0
Blue Jackets
Player Name POS G A P +/- PIM HIT SHT SB MP PP MP PP SHT PK MP PK SHT FO% FOT
Alexander KerfootC/LW0000021018:260:0000:1700% 3
Anthony DuclairLW/RW1010226019:416:4930:30075% 4
Braden SchneiderD0000001012:410:0002:0510% 0
Elias PetterssonC1230006021:557:0122:31061% 31
Erik JohnsonD0000011011:000:2100:0300% 0
Frederick GaudreauC/RW000000005:350:0000:00050% 4
Joe PavelskiC/RW0000014022:407:1142:55050% 30
Joel ArmiaLW/RW000000000:000:0000:0000% 0
Joel EdmundsonD0222211123:047:3200:5000% 0
John KlingbergD0112001022:157:3210:0000% 0
Kyle PalmieriRW0002002011:580:0000:4000% 1
Miles WoodLW/RW1010004019:146:5130:000100% 1
Nic DowdC/RW1122005017:486:3030:00063% 16
Quinn HughesD0110023025:496:4012:3800% 0
Ryan GravesD0110023225:106:1932:2000% 0
T.J. OshieRW0000003120:487:1111:0300% 2
Tomas NosekC/LW000001106:280:5300:0000% 1
Zach SanfordC/LW/RW1122032011:280:1000:0000% 0

Flyers

5 vs 5 Forward
Line #Left WingCenterRight WingPHYDFOFWanted %Time %Time Play
1Kevin FialaBrayden SchennCam Atkinson0143833%13:58
2Tanner PearsonEric StaalKailer Yamamoto0233432%13:19
3Brandon DuhaimeAlan QuineWilliam Carrier0321417%7:14
4Filip ZadinaSheldon DriesJustin Bailey0321417%7:19
5 vs 5 Defense
Line #DefenseDefensePHYDFOFWanted %Time %Time Play
1Alexander EdlerRasmus Dahlin0234233%13:59
2Connor MurphyNeal Pionk0233333%13:38
3Jan RuttaNathan Beaulieu0232534%14:13
4Rasmus DahlinAlexander Edler05000%0:00
Power Play Forward
Line #Left WingCenterRight WingPHYDFOFWanted %Time %Time Play
1Kevin FialaBrayden SchennCam Atkinson0056058%2:18
2Tanner PearsonEric StaalKailer Yamamoto0054042%1:40
Power Play Defense
Line #DefenseDefensePHYDFOFWanted %Time %Time Play
1Alexander EdlerRasmus Dahlin0056058%2:18
2Connor MurphyNeal Pionk0054042%1:40
Penalty Kill 4 Players Forward
Line #CenterWingPHYDFOFWanted %Time %Time Play
1Brayden SchennJustin Bailey0506063%9:00
2Kailer YamamotoCam Atkinson0504037%5:12
Penalty Kill 4 Players Defense
Line #DefenseDefensePHYDFOFWanted %Time %Time Play
1Connor MurphyAlexander Edler0506045%6:25
2Jan RuttaNeal Pionk0504055%7:47
Penalty Kill 3 Players
Line #WingPHYDFOFWanted %Time %Time PlayDefenseDefensePHYDFOFWanted %Time %Time Play
1Cam Atkinson050600%0:00 Connor MurphyAlexander Edler050600%0:00
2Brayden Schenn050400%0:00 Jan RuttaNeal Pionk050400%0:00
4 vs 4 Forward
Line #CenterWingPHYDFOFWanted %Time %Time Play
1Justin BaileyCam Atkinson032600%0:00
2Brayden SchennKevin Fiala032400%0:00
4 vs 4 Defense
Line #DefensePHYDFOFWanted %Time %Time Play
1Alexander EdlerRasmus Dahlin032600%0:00
2Connor MurphyNeal Pionk032400%0:00
Last Minutes Offensive
Left WingCenterRight WingDefenseDefense
Kevin FialaBrayden SchennCam AtkinsonAlexander EdlerRasmus Dahlin
Last Minutes Defensive
Left WingCenterRight WingDefenseDefense
Justin BaileyBrayden SchennCam AtkinsonAlexander EdlerConnor Murphy
Time
Total ForwardTotal DefenseLast Minutes OffensiveLast Minutes Defensive
60:00 60:00 0:000:00
Extra Forwards
Normal PowerPlayPenalty Kill
Brayden Schenn, Kevin Fiala, Cam AtkinsonWilliam Carrier, Sheldon DriesBrandon Duhaime
Extra Defensemen
Normal PowerPlayPenalty Kill
Alexander Edler, Neal Pionk, Rasmus DahlinRasmus Dahlin, Alexander EdlerRasmus Dahlin
Penalty Shots
Rasmus Dahlin, Neal Pionk, Cam Atkinson, Justin Bailey, Kevin Fiala
Goalie
Collin Delia, Craig Anderson
Custom OT Lines Forwards
Brayden Schenn, Tanner Pearson, William Carrier, Kevin Fiala, Eric Staal, Cam Atkinson, Kailer Yamamoto, Justin Bailey, Filip Zadina, Sheldon Dries
Custom OT Lines Defensemen
Connor Murphy, Neal Pionk, Nathan Beaulieu, Alexander Edler, Rasmus Dahlin
Scratches
Mike Matheson (Healthy), Jake Gardiner (Healthy), Alex Lyon (Back Injury)

Blue Jackets

5 vs 5 Forward
Line #Left WingCenterRight WingPHYDFOFWanted %Time %Time Play
1Alexander KerfootJoe PavelskiT.J. Oshie1314030%12:34
2Anthony DuclairElias PetterssonMiles Wood1313030%12:23
3Zach SanfordNic DowdKyle Palmieri1312027%11:18
4Tomas NosekFrederick GaudreauAlexander Kerfoot1311013%5:35
5 vs 5 Defense
Line #DefenseDefensePHYDFOFWanted %Time %Time Play
1Quinn HughesRyan Graves1224038%16:02
2John KlingbergJoel Edmundson1223035%14:43
3Erik JohnsonBraden Schneider1222025%10:36
4Quinn HughesRyan Graves122101%0:29
Power Play Forward
Line #Left WingCenterRight WingPHYDFOFWanted %Time %Time Play
1Anthony DuclairJoe PavelskiT.J. Oshie1226051%7:11
2Nic DowdElias PetterssonMiles Wood1224049%7:01
Power Play Defense
Line #DefenseDefensePHYDFOFWanted %Time %Time Play
1Quinn HughesRyan Graves1226047%6:40
2John KlingbergJoel Edmundson1224053%7:32
Penalty Kill 4 Players Forward
Line #CenterWingPHYDFOFWanted %Time %Time Play
1Joe PavelskiElias Pettersson1226074%2:55
2Anthony DuclairT.J. Oshie1224026%1:03
Penalty Kill 4 Players Defense
Line #DefenseDefensePHYDFOFWanted %Time %Time Play
1Quinn HughesRyan Graves1226046%1:50
2Braden SchneiderJoel Edmundson1224054%2:08
Penalty Kill 3 Players
Line #WingPHYDFOFWanted %Time %Time PlayDefenseDefensePHYDFOFWanted %Time %Time Play
1Joe Pavelski122600%0:00 Quinn HughesRyan Graves122600%0:00
2Elias Pettersson122400%0:00 John KlingbergJoel Edmundson122400%0:00
4 vs 4 Forward
Line #CenterWingPHYDFOFWanted %Time %Time Play
1Joe PavelskiElias Pettersson122600%0:00
2Anthony DuclairT.J. Oshie122400%0:00
4 vs 4 Defense
Line #DefensePHYDFOFWanted %Time %Time Play
1Quinn HughesRyan Graves122600%0:00
2John KlingbergJoel Edmundson122400%0:00
Last Minutes Offensive
Left WingCenterRight WingDefenseDefense
Anthony DuclairJoe PavelskiT.J. OshieQuinn HughesRyan Graves
Last Minutes Defensive
Left WingCenterRight WingDefenseDefense
Anthony DuclairJoe PavelskiT.J. OshieQuinn HughesRyan Graves
Time
Total ForwardTotal DefenseLast Minutes OffensiveLast Minutes Defensive
60:00 60:00 0:000:00
Extra Forwards
Normal PowerPlayPenalty Kill
Tomas Nosek, Nic Dowd, Kyle PalmieriTomas Nosek, Nic DowdKyle Palmieri
Extra Defensemen
Normal PowerPlayPenalty Kill
Ryan Graves, Quinn Hughes, Joel EdmundsonQuinn Hughes, Ryan GravesQuinn Hughes
Penalty Shots
Joe Pavelski, Elias Pettersson, Anthony Duclair, T.J. Oshie, Kyle Palmieri
Goalie
Sergei Bobrovsky, Thatcher Demko
Custom OT Lines Forwards
Joe Pavelski, Elias Pettersson, Anthony Duclair, T.J. Oshie, Tomas Nosek, Miles Wood, Nic Dowd, Kyle Palmieri, Frederick Gaudreau, Zach Sanford
Custom OT Lines Defensemen
Quinn Hughes, Ryan Graves, John Klingberg, Joel Edmundson, Braden Schneider
Scratches
Zac Dalpe (Healthy), Jalen Chatfield (Healthy)


Play-by-Play

1st period


0:01 of 1st period - Cam Atkinson wins face-off versus Joe Pavelski in neutral zone.
0:20 of 1st period - Shot by Kevin Fiala.
0:20 of 1st period - Shot Blocked by Ryan Graves.
0:23 of 1st period - Icing by Quinn Hughes.
0:24 of 1st period - Eric Staal wins face-off versus Alexander Kerfoot in Blue Jackets zone.
0:53 of 1st period - T.J. Oshie is hit by Tanner Pearson.
0:56 of 1st period - Icing by Joe Pavelski.
0:57 of 1st period - Joe Pavelski wins face-off versus Alan Quine in Blue Jackets zone.
1:22 of 1st period - Shot by Alan Quine.
1:22 of 1st period - Stopped by Sergei Bobrovsky with a rebound.
1:24 of 1st period - Shot by William Carrier.
1:24 of 1st period - Goal by William Carrier - Flyers : 1 - Blue Jackets : 0.
1:25 of 1st period - Sheldon Dries wins face-off versus Nic Dowd in neutral zone.
1:25 of 1st period - Sheldon Dries is hit by Zach Sanford.
1:52 of 1st period - Shot by Kyle Palmieri.
1:52 of 1st period - Stopped by Collin Delia without a rebound.
1:53 of 1st period - Miles Wood wins face-off versus Brayden Schenn in Flyers zone.
1:54 of 1st period - Shot by Elias Pettersson.
1:54 of 1st period - Deflect By Anthony Duclair.
1:54 of 1st period - Shot Blocked by Connor Murphy.
2:04 of 1st period - Shot by Miles Wood.
2:04 of 1st period - Shot Misses the Net.
2:16 of 1st period - Shot by Elias Pettersson.
2:16 of 1st period - Goal by Elias Pettersson - Flyers : 1 - Blue Jackets : 1.
2:17 of 1st period - Eric Staal wins face-off versus Frederick Gaudreau in neutral zone.
2:22 of 1st period - Shot by Jan Rutta.
2:22 of 1st period - Shot Misses the Net.
2:36 of 1st period - Shot by Tomas Nosek.
2:36 of 1st period - Stopped by Collin Delia without a rebound.
2:36 of 1st period - Minor Penalty to Jan Rutta for Tripping.
2:37 of 1st period - Brayden Schenn wins face-off versus Joe Pavelski in Flyers zone.
3:38 of 1st period - Shot by Nic Dowd.
3:38 of 1st period - Stopped by Collin Delia without a rebound.
3:39 of 1st period - Elias Pettersson wins face-off versus Brayden Schenn in Flyers zone.
3:39 of 1st period - Ryan Graves is hit by Connor Murphy and loses puck.
3:42 of 1st period - Shot by Nic Dowd.
3:42 of 1st period - Shot Blocked by Alexander Edler.
3:44 of 1st period - Shot by Ryan Graves.
3:44 of 1st period - Stopped by Collin Delia without a rebound.
3:45 of 1st period - Brayden Schenn wins face-off versus Elias Pettersson in Flyers zone.
3:58 of 1st period - Shot by Elias Pettersson.
3:58 of 1st period - Shot Misses the Net.
4:00 of 1st period - Shot by Quinn Hughes.
4:00 of 1st period - Shot Misses the Net.
4:17 of 1st period - Miles Wood is hit by Rasmus Dahlin and loses puck.
5:03 of 1st period - Braden Schneider is hit by Alan Quine and loses puck.
5:09 of 1st period - Icing by Alexander Kerfoot.
5:10 of 1st period - Eric Staal wins face-off versus Joe Pavelski in Blue Jackets zone.
5:18 of 1st period - Icing by Erik Johnson.
5:19 of 1st period - Brayden Schenn wins face-off versus Joe Pavelski in Blue Jackets zone.
5:30 of 1st period - Shot by Cam Atkinson.
5:30 of 1st period - Stopped by Sergei Bobrovsky without a rebound.
5:31 of 1st period - Eric Staal wins face-off versus Elias Pettersson in Blue Jackets zone.
5:42 of 1st period - Shot by Anthony Duclair.
5:42 of 1st period - Shot Misses the Net.
5:44 of 1st period - Shot by Joel Edmundson.
5:44 of 1st period - Stopped by Collin Delia with a rebound.
6:00 of 1st period - Shot by Anthony Duclair.
6:00 of 1st period - Shot Misses the Net.
6:02 of 1st period - Shot by Joel Edmundson.
6:02 of 1st period - Shot Blocked by Connor Murphy.
6:04 of 1st period - Shot by Anthony Duclair.
6:04 of 1st period - Shot Blocked by Neal Pionk.
6:09 of 1st period - Shot by Anthony Duclair.
6:09 of 1st period - Stopped by Collin Delia with a rebound.
6:30 of 1st period - Icing by Quinn Hughes.
6:31 of 1st period - Nic Dowd wins face-off versus Brayden Schenn in Blue Jackets zone.
6:46 of 1st period - Kevin Fiala is hit by Ryan Graves and loses puck.
6:59 of 1st period - Shot by Kevin Fiala.
6:59 of 1st period - Shot Misses the Net.
7:34 of 1st period - Filip Zadina is hit by Quinn Hughes and loses puck.
8:13 of 1st period - Joel Edmundson is hit by Brandon Duhaime and loses puck.
8:19 of 1st period - Minor Penalty to Brandon Duhaime for High sticking.
8:20 of 1st period - Brayden Schenn wins face-off versus Joe Pavelski in Flyers zone.
8:58 of 1st period - Icing by John Klingberg.
8:59 of 1st period - Anthony Duclair wins face-off versus Brayden Schenn in Blue Jackets zone.
9:25 of 1st period - Connor Murphy is hit by Tomas Nosek and loses puck.
9:36 of 1st period - Shot by Miles Wood.
9:36 of 1st period - Goal by Miles Wood - Flyers : 1 - Blue Jackets : 2.
9:37 of 1st period - Frederick Gaudreau wins face-off versus Alan Quine in neutral zone.
10:02 of 1st period - Shot by Braden Schneider.
10:02 of 1st period - Deflect By Alexander Kerfoot.
10:02 of 1st period - Stopped by Collin Delia without a rebound.
10:03 of 1st period - Elias Pettersson wins face-off versus Tanner Pearson in Flyers zone.
10:33 of 1st period - Shot by Kailer Yamamoto.
10:33 of 1st period - Shot Misses the Net.
10:35 of 1st period - Shot by Tanner Pearson.
10:35 of 1st period - Goal by Tanner Pearson - Flyers : 2 - Blue Jackets : 2.
10:36 of 1st period - Joe Pavelski wins face-off versus Brayden Schenn in neutral zone.
10:47 of 1st period - Shot by Brayden Schenn.
10:47 of 1st period - Shot Blocked by T.J. Oshie.
11:17 of 1st period - Shot by Brayden Schenn.
11:17 of 1st period - Stopped by Sergei Bobrovsky without a rebound.
11:18 of 1st period - Nic Dowd wins face-off versus Sheldon Dries in Blue Jackets zone.
11:18 of 1st period - Nic Dowd is hit by Justin Bailey.
11:36 of 1st period - Shot by Kyle Palmieri.
11:36 of 1st period - Shot Misses the Net.
12:03 of 1st period - Icing by Jan Rutta.
12:04 of 1st period - Elias Pettersson wins face-off versus Sheldon Dries in Flyers zone.
12:07 of 1st period - Shot by Elias Pettersson.
12:07 of 1st period - Shot Misses the Net.
12:11 of 1st period - Shot by Elias Pettersson.
12:11 of 1st period - Shot Hit the Post.
12:28 of 1st period - Minor Penalty to Anthony Duclair for Tripping.
12:29 of 1st period - Joe Pavelski wins face-off versus Brayden Schenn in Blue Jackets zone.
13:01 of 1st period - Icing by Alexander Edler.
13:02 of 1st period - Joe Pavelski wins face-off versus Brayden Schenn in Flyers zone.
13:03 of 1st period - Shot by Braden Schneider.
13:03 of 1st period - Stopped by Collin Delia without a rebound.
13:04 of 1st period - Joe Pavelski wins face-off versus Kailer Yamamoto in Flyers zone.
14:26 of 1st period - Shot by Brayden Schenn.
14:26 of 1st period - Deflect By Cam Atkinson.
14:26 of 1st period - Shot Misses the Net.
14:34 of 1st period - Shot by Frederick Gaudreau.
14:34 of 1st period - Shot Misses the Net.
15:43 of 1st period - Shot by Kyle Palmieri.
15:43 of 1st period - Stopped by Collin Delia without a rebound.
15:44 of 1st period - Brayden Schenn wins face-off versus Elias Pettersson in Flyers zone.
16:09 of 1st period - Shot by Miles Wood.
16:09 of 1st period - Stopped by Collin Delia with a rebound.
16:11 of 1st period - Shot by Quinn Hughes.
16:11 of 1st period - Shot Misses the Net.
16:16 of 1st period - Elias Pettersson is hit by Alexander Edler and loses puck.
16:21 of 1st period - Shot by Anthony Duclair.
16:21 of 1st period - Stopped by Collin Delia with a rebound.
16:25 of 1st period - Shot by Elias Pettersson.
16:25 of 1st period - Stopped by Collin Delia without a rebound.
16:26 of 1st period - Eric Staal wins face-off versus Nic Dowd in Flyers zone.
16:58 of 1st period - Icing by Nic Dowd.
16:59 of 1st period - Nic Dowd wins face-off versus Alan Quine in Blue Jackets zone.
17:42 of 1st period - Brandon Duhaime is hit by Alexander Kerfoot and loses puck.
18:40 of 1st period - Shot by Cam Atkinson.
18:40 of 1st period - Shot Blocked by Joel Edmundson.
18:42 of 1st period - Shot by Alexander Edler.
18:42 of 1st period - Shot Misses the Net.
18:44 of 1st period - Shot by Kevin Fiala.
18:44 of 1st period - Shot Misses the Net.
18:46 of 1st period - Shot by Cam Atkinson.
18:46 of 1st period - Stopped by Sergei Bobrovsky without a rebound.
18:47 of 1st period - Elias Pettersson wins face-off versus Kailer Yamamoto in Blue Jackets zone.
18:47 of 1st period - Anthony Duclair is hit by Kailer Yamamoto and loses puck.
18:56 of 1st period - Shot by Anthony Duclair.
18:56 of 1st period - Goal by Anthony Duclair - Flyers : 2 - Blue Jackets : 3.
18:57 of 1st period - Filip Zadina wins face-off versus Kyle Palmieri in neutral zone.
18:57 of 1st period - Jan Rutta is hit by Zach Sanford and loses puck.
19:01 of 1st period - Off-side.
19:02 of 1st period - Eric Staal wins face-off versus Elias Pettersson in neutral zone.
19:37 of 1st period - Shot by Kailer Yamamoto.
19:37 of 1st period - Stopped by Sergei Bobrovsky without a rebound.
19:38 of 1st period - Brayden Schenn wins face-off versus Nic Dowd in Blue Jackets zone.
19:49 of 1st period - Neal Pionk is hit by Zach Sanford and loses puck.
Goals for this period are 2 for Flyers vs 3 for Blue Jackets.
Shots for this period are 7 for Flyers vs 15 for Blue Jackets.

2nd period


0:01 of 2nd period - Joe Pavelski wins face-off versus Brayden Schenn in neutral zone.
0:06 of 2nd period - Icing by Brayden Schenn.
0:07 of 2nd period - Joe Pavelski wins face-off versus Cam Atkinson in Flyers zone.
0:10 of 2nd period - Shot by Joe Pavelski.
0:10 of 2nd period - Shot Misses the Net.
0:12 of 2nd period - Shot by Joe Pavelski.
0:12 of 2nd period - Deflect By Alexander Kerfoot.
0:12 of 2nd period - Shot Blocked by Rasmus Dahlin.
1:50 of 2nd period - Icing by Connor Murphy.
1:51 of 2nd period - Nic Dowd wins face-off versus Eric Staal in Flyers zone.
1:56 of 2nd period - Shot by Zach Sanford.
1:56 of 2nd period - Stopped by Collin Delia without a rebound.
1:57 of 2nd period - Nic Dowd wins face-off versus Sheldon Dries in Flyers zone.
2:05 of 2nd period - Minor Penalty to Nathan Beaulieu for Hooking.
2:06 of 2nd period - Brandon Duhaime wins face-off versus Joe Pavelski in Flyers zone.
4:47 of 2nd period - Shot by Zach Sanford.
4:47 of 2nd period - Shot Blocked by Nathan Beaulieu.
4:48 of 2nd period - Major / Game Misconduct Penalty to Jan Rutta for Abuse of Officials.
4:48 of 2nd period - Jan Rutta is ejected from game.
4:49 of 2nd period - Brayden Schenn wins face-off versus Joe Pavelski in Flyers zone.
5:00 of 2nd period - Shot by Anthony Duclair.
5:00 of 2nd period - Deflect By Joe Pavelski.
5:00 of 2nd period - Shot Blocked by Neal Pionk.
5:02 of 2nd period - Shot by Joel Edmundson.
5:02 of 2nd period - Shot Misses the Net.
5:04 of 2nd period - Shot by Joe Pavelski.
5:04 of 2nd period - Shot Misses the Net.
5:18 of 2nd period - Shot by Anthony Duclair.
5:18 of 2nd period - Shot Misses the Net.
5:43 of 2nd period - Shot by Miles Wood.
5:43 of 2nd period - Shot Blocked by Neal Pionk.
6:23 of 2nd period - Shot by Joe Pavelski.
6:23 of 2nd period - Stopped by Collin Delia with a rebound.
6:25 of 2nd period - Shot by John Klingberg.
6:25 of 2nd period - Stopped by Collin Delia without a rebound.
6:26 of 2nd period - Brayden Schenn wins face-off versus Elias Pettersson in Flyers zone.
6:47 of 2nd period - Shot by Elias Pettersson.
6:47 of 2nd period - Shot Misses the Net.
7:22 of 2nd period - Icing by John Klingberg.
7:23 of 2nd period - Joe Pavelski wins face-off versus Kailer Yamamoto in Blue Jackets zone.
7:44 of 2nd period - Shot by Ryan Graves.
7:44 of 2nd period - Stopped by Collin Delia without a rebound.
7:45 of 2nd period - Elias Pettersson wins face-off versus Eric Staal in Flyers zone.
7:50 of 2nd period - Shot by Quinn Hughes.
7:50 of 2nd period - Stopped by Collin Delia without a rebound.
7:51 of 2nd period - Eric Staal wins face-off versus Elias Pettersson in Flyers zone.
8:08 of 2nd period - Shot by Miles Wood.
8:08 of 2nd period - Shot Misses the Net.
8:18 of 2nd period - Shot by Elias Pettersson.
8:18 of 2nd period - Stopped by Collin Delia without a rebound.
8:19 of 2nd period - Joe Pavelski wins face-off versus Kailer Yamamoto in Flyers zone.
8:26 of 2nd period - Shot by Anthony Duclair.
8:26 of 2nd period - Stopped by Collin Delia without a rebound.
8:27 of 2nd period - Brayden Schenn wins face-off versus Joe Pavelski in Flyers zone.
8:38 of 2nd period - Shot by Joel Edmundson.
8:38 of 2nd period - Shot Misses the Net.
8:40 of 2nd period - Shot by Joel Edmundson.
8:40 of 2nd period - Deflect By Joe Pavelski.
8:40 of 2nd period - Shot Misses the Net.
8:42 of 2nd period - Shot by Joel Edmundson.
8:42 of 2nd period - Shot Blocked by Connor Murphy.
8:44 of 2nd period - Shot by Anthony Duclair.
8:44 of 2nd period - Shot Blocked by Alexander Edler.
8:46 of 2nd period - Shot by Joe Pavelski.
8:46 of 2nd period - Stopped by Collin Delia without a rebound.
8:47 of 2nd period - Elias Pettersson wins face-off versus Kailer Yamamoto in Flyers zone.
8:50 of 2nd period - Shot by Quinn Hughes.
8:50 of 2nd period - Shot Hit the Post.
9:08 of 2nd period - Shot by Miles Wood.
9:08 of 2nd period - Stopped by Collin Delia without a rebound.
9:09 of 2nd period - Joe Pavelski wins face-off versus Brayden Schenn in Flyers zone.
9:12 of 2nd period - Shot by Joe Pavelski.
9:12 of 2nd period - Stopped by Collin Delia without a rebound.
9:13 of 2nd period - Brayden Schenn wins face-off versus Anthony Duclair in Flyers zone.
9:13 of 2nd period - Alexander Edler is hit by Joe Pavelski and loses puck.
9:30 of 2nd period - Shot by T.J. Oshie.
9:30 of 2nd period - Shot Misses the Net.
9:34 of 2nd period - Shot by Anthony Duclair.
9:34 of 2nd period - Stopped by Collin Delia with a rebound.
9:50 of 2nd period - Minor Penalty to Nathan Beaulieu for Hooking.
9:51 of 2nd period - Elias Pettersson wins face-off versus Kailer Yamamoto in Flyers zone.
9:51 of 2nd period - Elias Pettersson is hit by Neal Pionk.
10:18 of 2nd period - Shot by Ryan Graves.
10:18 of 2nd period - Stopped by Collin Delia with a rebound.
10:28 of 2nd period - Shot by Miles Wood.
10:28 of 2nd period - Stopped by Collin Delia without a rebound.
10:29 of 2nd period - Joe Pavelski wins face-off versus Kailer Yamamoto in Flyers zone.
10:30 of 2nd period - Shot by John Klingberg.
10:30 of 2nd period - Shot Misses the Net.
10:48 of 2nd period - Shot by Anthony Duclair.
10:48 of 2nd period - Stopped by Collin Delia without a rebound.
10:49 of 2nd period - Anthony Duclair wins face-off versus Kailer Yamamoto in Flyers zone.
10:54 of 2nd period - Shot by Joe Pavelski.
10:54 of 2nd period - Stopped by Collin Delia without a rebound.
10:55 of 2nd period - Brayden Schenn wins face-off versus Elias Pettersson in Flyers zone.
12:50 of 2nd period - Connor Murphy is hit by Alexander Kerfoot and loses puck.
13:15 of 2nd period - Shot by Zach Sanford.
13:15 of 2nd period - Shot Blocked by Neal Pionk.
13:22 of 2nd period - Icing by Neal Pionk.
13:23 of 2nd period - Eric Staal wins face-off versus Elias Pettersson in Flyers zone.
13:33 of 2nd period - Icing by Joel Edmundson.
13:34 of 2nd period - Elias Pettersson wins face-off versus Brayden Schenn in Blue Jackets zone.
13:34 of 2nd period - Elias Pettersson is hit by Brayden Schenn.
14:06 of 2nd period - Shot by Kevin Fiala.
14:06 of 2nd period - Deflect By Brayden Schenn.
14:06 of 2nd period - Shot Misses the Net.
14:12 of 2nd period - Shot by Cam Atkinson.
14:12 of 2nd period - Stopped by Sergei Bobrovsky without a rebound.
14:13 of 2nd period - Sheldon Dries wins face-off versus Joe Pavelski in Blue Jackets zone.
15:10 of 2nd period - Shot by Erik Johnson.
15:10 of 2nd period - Stopped by Collin Delia without a rebound.
15:11 of 2nd period - Brayden Schenn wins face-off versus Elias Pettersson in Flyers zone.
15:23 of 2nd period - Off-side.
15:24 of 2nd period - Tanner Pearson wins face-off versus Nic Dowd in neutral zone.
15:55 of 2nd period - Braden Schneider is hit by Tanner Pearson and loses puck.
16:07 of 2nd period - Icing by Erik Johnson.
16:08 of 2nd period - Nic Dowd wins face-off versus Brayden Schenn in Blue Jackets zone.
16:08 of 2nd period - Nic Dowd is hit by Brayden Schenn.
16:19 of 2nd period - Icing by Alexander Edler.
16:20 of 2nd period - Brayden Schenn wins face-off versus Joe Pavelski in Flyers zone.
16:25 of 2nd period - Quinn Hughes is hit by Brayden Schenn and loses puck.
16:30 of 2nd period - Shot by Kevin Fiala.
16:30 of 2nd period - Stopped by Sergei Bobrovsky without a rebound.
16:31 of 2nd period - Elias Pettersson wins face-off versus Sheldon Dries in Blue Jackets zone.
16:31 of 2nd period - Elias Pettersson is hit by Filip Zadina.
16:44 of 2nd period - Shot by Miles Wood.
16:44 of 2nd period - Shot Misses the Net.
16:46 of 2nd period - Shot by Joel Edmundson.
16:46 of 2nd period - Shot Misses the Net.
16:48 of 2nd period - Shot by Elias Pettersson.
16:48 of 2nd period - Stopped by Collin Delia without a rebound.
16:49 of 2nd period - Joe Pavelski wins face-off versus Brayden Schenn in Flyers zone.
16:52 of 2nd period - Shot by T.J. Oshie.
16:52 of 2nd period - Stopped by Collin Delia with a rebound.
17:12 of 2nd period - Shot by Connor Murphy.
17:12 of 2nd period - Stopped by Sergei Bobrovsky without a rebound.
17:13 of 2nd period - Elias Pettersson wins face-off versus Eric Staal in Blue Jackets zone.
17:13 of 2nd period - Elias Pettersson is hit by Kailer Yamamoto.
17:28 of 2nd period - Icing by Alexander Edler.
17:29 of 2nd period - Kailer Yamamoto wins face-off versus Joe Pavelski in Flyers zone.
17:42 of 2nd period - Joe Pavelski is hit by Rasmus Dahlin and loses puck.
18:01 of 2nd period - Joe Pavelski is hit by Tanner Pearson and loses puck.
18:07 of 2nd period - Quinn Hughes is hit by Tanner Pearson and loses puck.
18:16 of 2nd period - Joe Pavelski is hit by Eric Staal and loses puck.
Goals for this period are 0 for Flyers vs 0 for Blue Jackets.
Shots for this period are 3 for Flyers vs 18 for Blue Jackets.

3rd period


0:01 of 3rd period - Joe Pavelski wins face-off versus Brayden Schenn in neutral zone.
0:28 of 3rd period - Kevin Fiala is hit by Quinn Hughes and loses puck.
0:31 of 3rd period - Shot by Cam Atkinson.
0:31 of 3rd period - Stopped by Sergei Bobrovsky without a rebound.
0:32 of 3rd period - Elias Pettersson wins face-off versus Tanner Pearson in Blue Jackets zone.
0:37 of 3rd period - Connor Murphy is hit by Anthony Duclair and loses puck.
0:59 of 3rd period - Miles Wood is hit by Connor Murphy and loses puck.
1:48 of 3rd period - Shot by T.J. Oshie.
1:48 of 3rd period - Shot Misses the Net.
1:50 of 3rd period - Shot by Quinn Hughes.
1:50 of 3rd period - Stopped by Collin Delia with a rebound.
1:52 of 3rd period - Shot by Alexander Kerfoot.
1:52 of 3rd period - Deflect By T.J. Oshie.
1:52 of 3rd period - Stopped by Collin Delia without a rebound.
1:53 of 3rd period - Sheldon Dries wins face-off versus Nic Dowd in Flyers zone.
2:11 of 3rd period - Shot by Kyle Palmieri.
2:11 of 3rd period - Shot Misses the Net.
2:13 of 3rd period - Shot by Quinn Hughes.
2:13 of 3rd period - Stopped by Collin Delia with a rebound.
2:34 of 3rd period - Minor Penalty to Alan Quine for Goalie Interference.
2:35 of 3rd period - Anthony Duclair wins face-off versus Brayden Schenn in Flyers zone.
3:00 of 3rd period - Shot by John Klingberg.
3:00 of 3rd period - Shot Blocked by Neal Pionk.
3:02 of 3rd period - Shot by Joel Edmundson.
3:02 of 3rd period - Deflect By T.J. Oshie.
3:02 of 3rd period - Stopped by Collin Delia without a rebound.
3:03 of 3rd period - Brayden Schenn wins face-off versus Elias Pettersson in Flyers zone.
3:16 of 3rd period - Shot by Nic Dowd.
3:16 of 3rd period - Stopped by Collin Delia without a rebound.
3:17 of 3rd period - Brayden Schenn wins face-off versus T.J. Oshie in Flyers zone.
3:25 of 3rd period - Icing by Joe Pavelski.
3:26 of 3rd period - Brayden Schenn wins face-off versus Joe Pavelski in Blue Jackets zone.
4:07 of 3rd period - Shot by Nic Dowd.
4:07 of 3rd period - Stopped by Collin Delia with a rebound.
4:09 of 3rd period - Shot by Elias Pettersson.
4:09 of 3rd period - Stopped by Collin Delia without a rebound.
4:10 of 3rd period - Brayden Schenn wins face-off versus Elias Pettersson in Flyers zone.
4:27 of 3rd period - Shot by Elias Pettersson.
4:27 of 3rd period - Shot Misses the Net.
4:36 of 3rd period - Off-side.
4:37 of 3rd period - Eric Staal wins face-off versus Joe Pavelski in neutral zone.
4:55 of 3rd period - Shot by Tanner Pearson.
4:55 of 3rd period - Stopped by Sergei Bobrovsky with a rebound.
5:03 of 3rd period - Shot by Tanner Pearson.
5:03 of 3rd period - Stopped by Sergei Bobrovsky with a rebound.
5:33 of 3rd period - Shot by Brayden Schenn.
5:33 of 3rd period - Stopped by Sergei Bobrovsky without a rebound.
5:34 of 3rd period - Nic Dowd wins face-off versus Sheldon Dries in Blue Jackets zone.
5:34 of 3rd period - Nic Dowd is hit by Justin Bailey.
5:44 of 3rd period - Shot by Kyle Palmieri.
5:44 of 3rd period - Shot Misses the Net.
5:46 of 3rd period - Shot by Zach Sanford.
5:46 of 3rd period - Shot Blocked by Filip Zadina.
5:48 of 3rd period - Shot by Nic Dowd.
5:48 of 3rd period - Stopped by Collin Delia without a rebound.
5:49 of 3rd period - Elias Pettersson wins face-off versus Brayden Schenn in Flyers zone.
6:05 of 3rd period - Off-side.
6:06 of 3rd period - Eric Staal wins face-off versus Nic Dowd in neutral zone.
7:16 of 3rd period - Shot by Cam Atkinson.
7:16 of 3rd period - Shot Misses the Net.
8:19 of 3rd period - Off-side.
8:20 of 3rd period - Eric Staal wins face-off versus Tomas Nosek in neutral zone.
8:22 of 3rd period - Connor Murphy is hit by Ryan Graves and loses puck.
8:37 of 3rd period - Shot by Kailer Yamamoto.
8:37 of 3rd period - Shot Misses the Net.
8:39 of 3rd period - Shot by Neal Pionk.
8:39 of 3rd period - Stopped by Sergei Bobrovsky without a rebound.
8:40 of 3rd period - Nic Dowd wins face-off versus Brayden Schenn in Blue Jackets zone.
8:40 of 3rd period - Nic Dowd is hit by Brayden Schenn.
9:14 of 3rd period - Shot by Kevin Fiala.
9:14 of 3rd period - Shot Misses the Net.
9:23 of 3rd period - Off-side.
9:24 of 3rd period - Elias Pettersson wins face-off versus Eric Staal in neutral zone.
9:34 of 3rd period - Anthony Duclair is hit by Nathan Beaulieu and loses puck.
9:47 of 3rd period - Shot by Elias Pettersson.
9:47 of 3rd period - Stopped by Collin Delia without a rebound.
9:48 of 3rd period - Sheldon Dries wins face-off versus Joe Pavelski in Flyers zone.
9:53 of 3rd period - Alexander Kerfoot is hit by Filip Zadina and loses puck.
10:46 of 3rd period - Shot by Cam Atkinson.
10:46 of 3rd period - Stopped by Sergei Bobrovsky without a rebound.
10:47 of 3rd period - Elias Pettersson wins face-off versus Eric Staal in Blue Jackets zone.
10:47 of 3rd period - Elias Pettersson is hit by Kailer Yamamoto.
10:53 of 3rd period - Shot by Anthony Duclair.
10:53 of 3rd period - Deflect By Elias Pettersson.
10:53 of 3rd period - Shot Misses the Net.
11:05 of 3rd period - Shot by Tanner Pearson.
11:05 of 3rd period - Stopped by Sergei Bobrovsky without a rebound.
11:06 of 3rd period - Nic Dowd wins face-off versus Brayden Schenn in Blue Jackets zone.
11:35 of 3rd period - Shot by Zach Sanford.
11:35 of 3rd period - Goal by Zach Sanford - Flyers : 2 - Blue Jackets : 4.
11:36 of 3rd period - Elias Pettersson wins face-off versus Eric Staal in neutral zone.
12:07 of 3rd period - Shot by Eric Staal.
12:07 of 3rd period - Stopped by Sergei Bobrovsky without a rebound.
12:08 of 3rd period - Kevin Fiala wins face-off versus T.J. Oshie in Blue Jackets zone.
12:13 of 3rd period - Shot by Kevin Fiala.
12:13 of 3rd period - Shot Misses the Net.
12:43 of 3rd period - Shot by Kevin Fiala.
12:43 of 3rd period - Shot Misses the Net.
13:37 of 3rd period - Shot by Zach Sanford.
13:37 of 3rd period - Shot Blocked by Alexander Edler.
13:39 of 3rd period - Shot by Nic Dowd.
13:39 of 3rd period - Goal by Nic Dowd - Flyers : 2 - Blue Jackets : 5.
13:40 of 3rd period - Eric Staal wins face-off versus Elias Pettersson in neutral zone.
13:40 of 3rd period - Kailer Yamamoto is hit by Anthony Duclair and loses puck.
13:50 of 3rd period - Kailer Yamamoto is hit by Erik Johnson and loses puck.
13:59 of 3rd period - Shot by Tanner Pearson.
13:59 of 3rd period - Stopped by Sergei Bobrovsky without a rebound.
14:00 of 3rd period - Cam Atkinson wins face-off versus Frederick Gaudreau in Blue Jackets zone.
14:07 of 3rd period - Shot by Brayden Schenn.
14:07 of 3rd period - Shot Misses the Net.
14:24 of 3rd period - Icing by Frederick Gaudreau.
14:25 of 3rd period - Eric Staal wins face-off versus Alexander Kerfoot in Blue Jackets zone.
14:25 of 3rd period - Connor Murphy is hit by Joel Edmundson and loses puck.
14:58 of 3rd period - Minor Penalty to Joel Edmundson for Delaying the game.
14:59 of 3rd period - Elias Pettersson wins face-off versus Brayden Schenn in Blue Jackets zone.
15:05 of 3rd period - Icing by Rasmus Dahlin.
15:06 of 3rd period - Joe Pavelski wins face-off versus Brayden Schenn in Flyers zone.
16:26 of 3rd period - Icing by Connor Murphy.
16:27 of 3rd period - Eric Staal wins face-off versus Joe Pavelski in Flyers zone.
16:37 of 3rd period - Shot by Connor Murphy.
16:37 of 3rd period - Shot Misses the Net.
16:55 of 3rd period - Shot by Alexander Edler.
16:55 of 3rd period - Stopped by Sergei Bobrovsky with a rebound.
16:57 of 3rd period - Shot by Cam Atkinson.
16:57 of 3rd period - Shot Misses the Net.
17:02 of 3rd period - Off-side.
17:03 of 3rd period - Frederick Gaudreau wins face-off versus Sheldon Dries in neutral zone.
17:07 of 3rd period - Alexander Kerfoot is hit by Nathan Beaulieu and loses puck.
17:58 of 3rd period - Shot by Connor Murphy.
17:58 of 3rd period - Shot Blocked by Ryan Graves.
18:00 of 3rd period - Shot by Connor Murphy.
18:00 of 3rd period - Stopped by Sergei Bobrovsky without a rebound.
18:01 of 3rd period - Elias Pettersson wins face-off versus Brayden Schenn in Blue Jackets zone.
18:21 of 3rd period - Icing by Quinn Hughes.
18:22 of 3rd period - Elias Pettersson wins face-off versus Eric Staal in Blue Jackets zone.
18:22 of 3rd period - Elias Pettersson is hit by Kailer Yamamoto.
18:31 of 3rd period - Elias Pettersson is hit by Eric Staal and loses puck.
18:56 of 3rd period - Icing by Joel Edmundson.
18:57 of 3rd period - Brayden Schenn wins face-off versus Alexander Kerfoot in Blue Jackets zone.
19:02 of 3rd period - Shot by Kevin Fiala.
19:02 of 3rd period - Stopped by Sergei Bobrovsky without a rebound.
19:03 of 3rd period - Joe Pavelski wins face-off versus Cam Atkinson in Blue Jackets zone.
19:27 of 3rd period - Shot by Brayden Schenn.
19:27 of 3rd period - Shot Misses the Net.
19:29 of 3rd period - Shot by Brayden Schenn.
19:29 of 3rd period - Stopped by Sergei Bobrovsky without a rebound.
19:30 of 3rd period - Nic Dowd wins face-off versus Eric Staal in Blue Jackets zone.
19:30 of 3rd period - Nic Dowd is hit by Tanner Pearson.
19:44 of 3rd period - Shot by Neal Pionk.
19:44 of 3rd period - Stopped by Sergei Bobrovsky without a rebound.
19:45 of 3rd period - Elias Pettersson wins face-off versus Sheldon Dries in Blue Jackets zone.
Goals for this period are 0 for Flyers vs 2 for Blue Jackets.
Shots for this period are 14 for Flyers vs 11 for Blue Jackets.




Output by the SimonT Hockey Simulator (STHS) for Tyler Bell - Original Page W3C HTML5 Valid
Hockey Simulator - Hockey Simulation - Hockey Manager